 Dungeon Crawl Stone Soup version 0.27-a0-103-g6cd7b45605 (webtiles) character file.

Game seed: 6674765791214065714

5780 timneilson the Protected (level 10, -2/61 HPs)
             Began as a Gargoyle Fighter on Jan 23, 2021.
             Was an Elder of Okawaru.
             Slain by an orc warrior
             ... wielding a +0 spear
              (12 damage)
             ... in a bailey.
             The game lasted 00:21:08 (8204 turns).

timneilson the Protected (Gargoyle Fighter)         Turns: 8204, Time: 00:21:08

Health: -2/61      AC: 22    Str: 23    XL:     10   Next: 78%
Magic:  13/13      EV:  7    Int:  9    God:    Okawaru [****..]
Gold:   463        SH: 17    Dex:  9    Spells: 9/9 levels left

rFire    + . .     SeeInvis .   a - +1 long sword
rCold    + . .     Faith    .   c - +1 kite shield
rNeg     + . .     Spirit   .   o - +0 chain mail {rF+}
rPois    ∞         Reflect  +   i - +3 helmet of the Inquisitive Seers {Slay+3}
rElec    +         Harm     .   (no cloak)
rCorr    +         Rampage  .   (no gloves)
Will     .....                  (no boots)
Stlth    ..........             J - amulet of reflection
HPRegen  0.20/turn              e - ring of protection from cold
MPRegen  0.13/turn              y - ring of resist corrosion

@: mighty, hasted, very quick
A: negative energy resistance 1, electricity resistance, unbreathing,
petrification resistance, miasma immunity, AC +7
a: Renounce Religion, Heroism


You were in a bailey.
You worshipped Okawaru.
Okawaru was greatly pleased with you.
You visited 2 branches of the dungeon, and saw 10 of its levels.
You also visited: Bailey.

You collected 463 gold pieces.

Inventory:

Hand Weapons
 a - a +1 long sword (weapon)
Armour
 c - a +1 kite shield (worn)
 i - the +3 helmet of the Inquisitive Seers (worn) {Slay+3}
   (You took it off Robin on level 3 of the Dungeon)

   It affects your accuracy and damage with ranged weapons and melee attacks
   (+3).
 n - a +0 tower shield
 o - a +0 chain mail of fire resistance (worn)
 C - a +0 plate armour
Jewellery
 d - an uncursed ring of positive energy
 e - a ring of protection from cold (left hand)
 u - an uncursed ring of protection from fire {unknown}
 y - a ring of resist corrosion (right hand)
 z - an uncursed ring of flight
 E - an uncursed ring of fire
 J - an amulet of reflection (around neck)
Wands
 m - a wand of paralysis (9)
 q - a wand of iceblast (16)
 x - a wand of random effects (15)
 D - a wand of polymorph (11)
 K - a wand of acid (9)
Scrolls
 b - a scroll of amnesia
 h - 6 scrolls of teleportation
 j - 5 scrolls of remove curse
 p - a scroll of identify
 v - 2 scrolls of magic mapping
 w - a scroll of fog
 A - 2 scrolls of enchant armour
 B - a scroll of enchant weapon
 G - a scroll of brand weapon {unknown}
Potions
 g - a potion of curing
 k - a potion of haste
 l - 3 potions of lignification
 r - a potion of invisibility
 s - a potion of mutation
 F - 2 potions of attraction {unknown}
 H - 2 potions of berserk rage {unknown}


   Skills:
 + Level 6.8 Fighting
 * Level 7.2 Long Blades
 * Level 9.1 Armour
 * Level 9.0 Shields
 + Level 4.6 Invocations
 + Level 4.3 Evocations


You had 9 spell levels left.
You didn't know any spells.
Your spell library contained the following spells:

 Spells                   Type           Power        Failure   Level
 Corona                   Hex            0%           99%         1
 Foxfire                  Conj/Fire      0%           99%         1
 Ensorcelled Hibernation  Hex/Ice        0%           100%        2
 Confusing Touch          Hex            0%           100%        3
 Conjure Flame            Conj/Fire      0%           100%        3
 Dazzling Flash           Conj/Hex       0%           100%        3
 Inner Flame              Hex/Fire       0%           100%        3
 Tukima's Dance           Hex            0%           100%        3
 Sticky Flame             Conj/Fire      0%           100%        4
 Fireball                 Conj/Fire      0%           100%        5


Dungeon Overview and Level Annotations

Branches:
Dungeon (9/15)             Temple (1/1) D:7            Lair (0/6) D:9
 Bailey (1/1)
    Orc: D:9-12

Altars:
Ashenzari
Cheibriados
Dithmenos
Elyvilon
Fedhas
Gozag
Hepliaklqana
Kikubaaqudgha
Makhleb
Nemelex Xobeh
Okawaru
Qazlal
Ru
Sif Muna
Trog
Uskayaw
Vehumet
Xom
Yredelemnul
Zin
The Shining One

Shops:
D:7 [   D:9 [(

Annotations:
D:3 2 transporters, Arcanilith's ghost, amateur MiFi
D:7 2 transporters, Faydwarf's ghost, novice DsGl
D:9 3 runed translucent doors, Tarl's ghost, novice HOFi


Innate Abilities, Weirdness & Mutations

You are resistant to torment.
Your stone body is resilient. (AC +7)
You are immune to poison.
You resist negative energy. (rN+)
You are resistant to electric shocks. (rElec)
You can survive without breathing.
You are immune to petrification.
You are immune to miasma.


Message History

The orc warrior is almost dead.
You block the orc warrior's attack.
The orc warrior hits you but does no damage.
Unknown command.
You feel better.
The orc warrior no longer looks unusually strong.
The orc warrior closely misses you.
You hit the orc warrior.
The orc warrior is moderately wounded.
You block the orc warrior's attack.
The orc warrior hits you but does no damage.
You block the orc warrior's attack.
Unknown command.
You barely miss the orc warrior.
The orc warrior is almost dead.
Unknown command.
You completely miss the orc warrior.
The orc warrior is almost dead.
The orc warrior hits you with a +0 spear!
You die...

..≈).^(.≈≈≈≈≈≈≈≈≈≈≈≈≈≈≈≈≈..^..≈..
..≈##)∩#≈≈≈≈≈≈≈≈≈≈≈≈≈≈≈≈≈#∩.##≈..
..≈≈#)#)≈≈≈≈≈#######≈≈≈≈≈)#)#≈≈..
..≈≈≈≈≈≈(≈≈≈##≈≈≈≈##≈≈≈≈≈≈≈≈≈≈≈..
..≈≈≈≈≈≈≈≈≈##≈≈≈≈≈##≈≈≈≈≈≈≈≈≈≈((.
..≈≈≈≈(≈≈≈##≈≈#'''##≈≈≈≈≈≈≈≈≈≈≈((
..≈≈≈≈≈≈≈≈#≈≈##∩)∩##≈≈##≈≈≈≈≈≈≈..
.(≈≈≈≈≈≈≈##≈####'####≈##≈≈≈≈≈≈≈(.
..≈≈≈≈≈≈≈##≈')#o@o#)'≈##(≈≈≈≈≈≈..
..(≈≈≈≈≈≈##≈###.o.###≈##≈≈≈≈≈≈≈..
..≈≈≈≈≈≈≈##≈')#:.?#)'≈##≈≈≈≈≈≈≈..
..≈≈≈≈≈≈≈##≈#########≈##≈≈≈≈)≈≈..
..≈≈≈≈≈≈≈≈#≈≈##)#)##≈≈#≈≈≈≈≈≈≈≈..
..≈≈≈≈≈≈≈≈##≈≈#'#'#≈≈##≈≈≈≈≈≈≈≈..
..≈≈≈≈≈≈≈(≈##≈≈≈≈≈≈≈##≈≈≈≈≈≈≈≈≈..
..≈≈≈≈≈≈≈≈≈≈#########≈≈≈≈≈≈≈≈≈≈..
..≈≈#.#≈≈≈≈(≈≈≈###≈≈≈≈≈≈≈≈#.#≈≈..


You could see 3 orc warriors.

Vanquished Creatures
  Harold (D:7)
  An orc knight (Bailey)
  Joseph (D:7)
  Maggie (D:7)
  A troll (D:9)
  Prince Ribbit (D:8)
  Sigmund (D:3)
  9 orc warriors
  A phantom (D:4)
  An eye of draining (D:8)
  3 ogres
  A centaur (D:9)
  4 bullfrogs
  3 scorpions
  4 wights (D:6)
  A howler monkey (D:4)
  3 hounds
  3 jellies (D:7)
  3 orc priests
  A gnoll shaman (D:8)
  10 orc wizards
  4 bullfrog skeletons
  A centaur skeleton (D:8)
  Jessica (D:3)
  Terence (D:2)
  2 iguanas
  Natasha (thrice) (D:2)
  3 worker ants
  2 killer bee zombies
  2 hound zombies (D:7)
  A hound skeleton (D:7)
  2 worker ant zombies
  Robin (D:3)
  2 howler monkey skeletons
  13 adders
  6 gnolls
  2 shadow imps
  2 white imps
  2 ufetubi
  5 oozes
  2 adder skeletons
  3 worms
  8 leopard geckos
  56 orcs
  8 giant cockroaches
  12 goblins
  6 hobgoblins
  7 jackals
  10 kobolds
  3 quokkas
  2 ball pythons
  8 bats
  3 frilled lizards
  A jackal skeleton (D:4)
  A leopard gecko zombie (D:7)
  2 quokka zombies (D:8)
  10 rats
251 creatures vanquished.

Vanquished Creatures (others)
  6 plants (D:7)
6 creatures vanquished.

Grand Total: 257 creatures vanquished

Notes
Turn   | Place    | Note
-------+----------+-------------------------------------------
     0 | D:1      | timneilson the Gargoyle Fighter began the quest for the
                  | Orb.
     0 | D:1      | Reached XP level 1. HP: 14/14 MP: 1/1
   114 | D:1      | Reached XP level 2. HP: 19/19 MP: 2/2
   355 | D:1      | Reached XP level 3. HP: 23/23 MP: 3/3
   729 | D:2      | Noticed Terence
   757 | D:2      | Killed Terence
   758 | D:2      | Reached XP level 4. HP: 24/28 MP: 4/4
  1064 | D:2      | Found a faded altar of an unknown god.
  1275 | D:2      | Reached XP level 5. HP: 33/33 MP: 5/5
  1280 | D:2      | Noticed Natasha
  1301 | D:2      | Killed Natasha
  1665 | D:2      | Noticed Natasha
  1677 | D:2      | Killed Natasha
  1756 | D:2      | Noticed Natasha
  1758 | D:2      | Killed Natasha
  1983 | D:3      | Found a transporter.
  1983 | D:3      | Noticed Arcanilith's ghost (amateur MiFi)
  2056 | D:3      | Found a transporter.
  2087 | D:3      | Reached XP level 6. HP: 38/38 MP: 6/6
  2163 | D:3      | Noticed Sigmund
  2191 | D:3      | Killed Sigmund
  2192 | D:3      | Reached skill level 5 in Armour
  2192 | D:3      | Reached skill level 5 in Shields
  2336 | D:3      | Noticed Jessica
  2340 | D:3      | Killed Jessica
  2356 | D:3      | Reached skill level 1 in Evocations
  2356 | D:3      | Reached XP level 7. HP: 42/44 MP: 7/7
  2372 | D:3      | Identified the +3 helmet of the Inquisitive Seers {Slay+3}
  2372 | D:3      | Noticed Robin
  2384 | D:3      | Killed Robin
  2443 | D:3      | Found a glowing golden altar of the Shining One.
  3022 | D:4      | Found an iron altar of Okawaru.
  3031 | D:4      | Became a worshipper of Warmaster Okawaru
  3357 | D:4      | Reached XP level 8. HP: 48/48 MP: 8/8
  3509 | D:5      | Entered Level 5 of the Dungeon
  3515 | D:5      | Found an ancient bone altar of Kikubaaqudgha.
  3856 | D:5      | Found a hide-covered altar of Uskayaw.
  4384 | D:5      | Found a blossoming altar of Fedhas.
  4402 | D:5      | Reached skill level 1 in Invocations
  4539 | D:5      | Found a burning altar of Makhleb.
  4572 | D:6      | Found a hazy altar of Hepliaklqana.
  4634 | D:6      | Reached * piety under Okawaru
  4635 | D:6      | Reached skill level 5 in Fighting
  4810 | D:6      | Reached skill level 5 in Long Blades
  5069 | D:6      | Found a bloodstained altar of Trog.
  5077 | D:6      | Found the ring of the Hare {EV+8}
  5367 | D:7      | Identified the +12 spear of Coinayho {vamp, +Rage rElec
                  | Stlth+}
  5407 | D:7      | Reached XP level 9. HP: 54/54 MP: 10/10
  5448 | D:7      | Found a transporter.
  5454 | D:7      | Found a transporter.
  5461 | D:7      | Noticed Faydwarf's ghost (novice DsGl)
  5637 | D:7      | Noticed Joseph
  5649 | D:7      | Killed Joseph
  5671 | D:7      | Found Areyshras's Armour Emporium.
  5676 | D:7      | Reached ** piety under Okawaru
  5737 | D:7      | Noticed Maggie
  5747 | D:7      | Killed Maggie
  5858 | D:7      | Found a staircase to the Ecumenical Temple.
  5872 | Temple   | Entered the Ecumenical Temple
  6015 | D:7      | Noticed Harold
  6069 | D:7      | Killed Harold
  6069 | D:7      | Reached *** piety under Okawaru
  6321 | D:7      | Reached XP level 10. HP: 58/60 MP: 12/12
  6584 | D:8      | Noticed Prince Ribbit
  6599 | D:8      | Killed Prince Ribbit
  7486 | D:9      | Reached **** piety under Okawaru
  7499 | D:9      | Found Rickybb's Antique Armour Shop.
  7549 | D:9      | Noticed Tarl's ghost (novice HOFi)
  7551 | D:9      | Found a runed translucent gate.
  7551 | D:9      | Found a runed translucent gate.
  7551 | D:9      | Found a runed translucent gate.
  7551 | D:9      | Noticed an ogre mage
  7567 | D:9      | Found a flagged portal.
  7574 | D:9      | Found Wohaohis's Antique Weapon Shoppe.
  7591 | Bailey   | Entered a bailey
  8173 | Bailey   | Found the +8 frozen axe "Frostbite" {freezing cloud, *Noise
                  | +Fly rC+}
  8175 | Bailey   | Found a roughly hewn altar of Beogh.
  8175 | Bailey   | Noticed an orc knight
  8193 | Bailey   | Killed an orc knight
  8199 | Bailey   | HP: 3/61 [orc warrior/+0 glaive (20)]
  8204 | Bailey   | Slain by an orc warrior

Illustrated notes

Levels and vault maps discovered:
D:1:      grunt_arrival_lava_bath, layout_rooms, minmay_misc_feat_tiny,
          kennysheep_boxes
D:2:      layout_loops_ring, chequers_ecumenical_altar_simple,
          minmay_pentomino_pile, uniq_terence, uniq_natasha
D:3:      layout_loops_cross, nicolae_tso_carved_into_rock,
          gammafunk_ghost_arena, minmay_misc_feat_alley, uniq_robin,
          uniq_sigmund, uniq_jessica
D:4:      layout_loops_ring, okawaru_metal_pillars_1_2
D:5:      layout_basic, lightli_temple_of_fire, eat_drink_and_be_merry_uskayaw,
          basic_altar, fedhas_altar_fruit_tree
D:6:      layout_loops_ring, old_standard_altar, nzn_hepliaklqana_mist_gate
D:7:      layout_basic, minmay_temple_entry_ruins, serial_shops, shop,
          gammafunk_ghost_gnarly_gnolls, uniq_joseph, uniq_maggie, uniq_harold
D:8:      layout_loops_ring, uniq_prince_ribbit1
D:9:      layout_loops_ring, nzn_wu_jian_council_hall, dpeg_oklobed_lair,
          gammafunk_ghost_split, serial_shops, shop, shop_fountains,
          enter_bailey_2
Temple:   nicolae_temple_elliptical
Bailey:   bailey_polearm_2, bailey

Skill      XL: |  1  2  3  4  5  6  7  8  9 10 |
---------------+-------------------------------+-----
Long Blades    | 2 3 4 5 6 7 |  7.2
Armour         | 4 5 6 8 9 |  9.1
Shields        | 4 5 6 8 9 |  9.0
Fighting       | 4 5 6 |  6.8
Evocations     | 1 2 3 4 |  4.3
Invocations    | 2 3 4 |  4.6

Action                   |  1- 3 |  4- 6 |  7- 9 | 10-12 || total
-------------------------+-------+-------+-------+-------++-------
Melee: Long sword        |    78 |   180 |   407 |   216 ||   881
Invok: Heroism           |       |       |     2 |     2 ||     4
  Use: Scroll            |     7 |     5 |     6 |     4 ||    22
       Potion            |     1 |       |       |     5 ||     6
Armor: Scale mail        |    54 |    90 |    47 |       ||   191
       Chain mail        |       |       |   143 |    87 ||   230
Dodge: Dodged            |    33 |    42 |    98 |    48 ||   221
Block: Kite shield       |    58 |    95 |   217 |   200 ||   570
       Reflection        |       |       |       |    36 ||    36
       Rpst.: Long sword |     9 |    13 |    24 |    14 ||    60

Table legend: (Time is in decaauts)
 A = Elapsed time spent in this place.
 B = Non-inter-level travel time spent in this place.
 C = Inter-level travel time spent in this place.
 D = Time resting spent in this place.
 E = Time spent auto-exploring this place.
 F = Levels seen in this place.
 G = Mean time per level.
                   A        B        C        D        E       F      G
               +--------+--------+--------+--------+--------+-----+--------+
         Total |   8461 |   8281 |    180 |    209 |   5429 |  11 |  769.2 |
       Dungeon |   7653 |   7491 |    162 |     12 |   5100 |   9 |  850.3 |
        Temple |    140 |    122 |     18 |      0 |    121 |   1 |  140.0 |
        Bailey |    667 |    667 |      0 |    197 |    207 |   1 |  667.0 |
               +--------+--------+--------+--------+--------+-----+--------+

Top non-repeatable levels by time:
     D:2: 1229 daAuts
     D:7: 1125 daAuts
     D:5: 1059 daAuts
     D:4: 887 daAuts
     D:3: 865 daAuts
     D:8: 853 daAuts
     D:6: 790 daAuts
  Bailey: 667 daAuts
     D:1: 665 daAuts
     D:9: 175 daAuts
  Temple: 140 daAuts
